[Event "IX Iberoamericano Championship 2023"]
[Site "Panama City"]
[Date "2023.12.02"]
[Round "8.7"]
[White "Berdayes Ason, Dylan Isidro"]
[Black "Roselli Mailhe, Bernardo"]
[Result "1/2-1/2"]
[ECO "E94"]
[WhiteElo "2507"]
[BlackElo "2364"]
[Annotator "TA"]
[PlyCount "115"]
[EventDate "2023.11.27"]
[EventType "swiss"]
[EventCountry "PAN"]
[SourceTitle "playchess.com"]
[Source "ChessBase"]
[SourceQuality "1"]
[TimeControl "5400+30"]

1. d4 Nf6 2. c4 g6 3. Nc3 Bg7 4. e4 d6 5. Be2 O-O 6. Be3 Nbd7 7. Nf3 e5 8. O-O Qe7 9. d5 Ng4 {[%emt 0:00:06] E94: King's Indian: Classical: 6 Be2 e5 7 0-0: Various Black 7th moves.} 10. Bg5 f6 11. Bh4 Nh6 {[%emt 0:02:01] White is slightly better.} 12. Nd2 Nf7 13. f3 {[%emt 0:13:56] Black is weak on the light squares} Bh6 14. Bf2 f5 15. b4 {[%emt 0:00:03] [#]} Nf6 $146 ({Predecessor:} 15... a5 16. bxa5 Rxa5 17. Nb3 Ra8 18. c5 Nxc5 19. Nxc5 dxc5 20. a4 Ra5 21. Nb5 fxe4 22. fxe4 {½-½ Konyves,A (1963)-Goraj,B (1786) Krakow op-B 29th 2018 (6)}) 16. Re1 Nh5 17. Bf1 Nf4 18. Kh1 a5 19. bxa5 Rxa5 20. Nb3 Ra8 21. c5 Ng5 22. cxd6 cxd6 23. Nd2 fxe4 24. Ndxe4 Nxe4 25. Nxe4 Rf7 (25... Nh5 $14) 26. Qb3 (26. Be3 $16) 26... g5 (26... Bf5 $14) 27. Rac1 {[%emt 0:03:48] Strongly threatening Bb6.} Bf5 (27... g4 $1 $14 {deserves consideration.}) 28. Bb6 $1 $16 Bxe4 29. fxe4 (29. Rxe4 $16 {Black must now prevent g3.} Raf8 30. Rc3) 29... g4 $1 $14 30. Rc7 Qf6 31. Rxf7 Qxf7 32. Bb5 Bg5 33. g3 Nh5 34. Rf1 $36 {[%emt 0:04:48][%mdl 2048] Black is under pressure.} Qg6 35. Bd3 {[%emt 0:00:18] This pair of bishops is nice.} Nf6 36. Bg1 Qg7 37. a4 h5 38. Qb4 Ne8 39. Bb5 Qg6 (39... Qe7 $11) 40. Bd7 $16 Ng7 {[%emt 0:00:10] Wards off Be6+} 41. Bb5 {[%emt 0:13:09] White is much more active.} (41. Qxb7 $2 {gets mated.} Qxe4+) (41. Qc4 $16) 41... Rf8 (41... Ne8 $11) 42. Rxf8+ $14 Kxf8 43. Ba7 (43. Bb6 $1 $14) 43... h4 (43... Ne8 $11 {keeps the balance.}) 44. Bb8 ({Better is} 44. Bf2 $16) 44... Be7 45. Qe1 hxg3 46. hxg3 Nh5 47. Bd3 Qe8 48. Qe3 {[%emt 0:01:52] [#]} Kg7 ({Don't do} 48... Qxb8 49. Qh6+ Kg8 50. Qxh5 $16) (48... Nf6 $1 $17 49. Ba7 Qxa4) 49. Bc7 $15 Qxa4 (49... Qd7 $5 50. Bb6 Qxa4 $15) 50. Kh2 {[%emt 0:00:24] [#]} (50. Bxd6 $1 $11 Qd1+ 51. Kh2 Bxd6 52. Be2) 50... Qa2+ (50... Nf6 $1 $17 51. Bb6 Qa2+ 52. Qe2 Qxe2+ 53. Bxe2 Nxe4 54. Bxg4 Nc3) 51. Qe2 Qxe2+ 52. Bxe2 {[%emt 0:00:01][%mdl 4096] Endgame KBB-KBN} Nf6 53. Bd3 Kg6 54. Kg2 Nd7 55. Bc2 (55. Bb5 $5 Nf6 56. Bd3 $11) 55... Nc5 56. Bb6 $1 Nd7 (56... Kf7 $11) 57. Bc7 Nc5 58. Bb6 {[%emt 0:00:02] Weighted Error Value: White=0.20 (precise) /Black=0.20 (precise)} 1/2-1/2

[Event "IX Iberoamericano Championship 2023"]
[Site "Panama City"]
[Date "2023.12.02"]
[Round "8.8"]
[White "Soto, Miguel Angel"]
[Black "Soto Hernandez, Henry"]
[Result "0-1"]
[ECO "E13"]
[WhiteElo "2359"]
[BlackElo "2490"]
[Annotator "TA"]
[PlyCount "66"]
[EventDate "2023.11.27"]
[EventType "swiss"]
[EventCountry "PAN"]
[SourceTitle "playchess.com"]
[Source "ChessBase"]
[SourceQuality "1"]
[TimeControl "5400+30"]

1. d4 Nf6 2. Nf3 e6 3. c4 b6 4. Bg5 h6 5. Bh4 Bb7 6. Nc3 Bb4 7. e3 g5 8. Bg3 Ne4 9. Qc2 f5 10. Bd3 Bxc3+ 11. bxc3 d6 12. O-O Nd7 {[%emt 0:04:29] E13: Queen's Indian/Nimzo-Indian hybrid: 4 Nc3 Bb7 5 Bg5 h6 6 Bh4 Bb4.} 13. Nd2 (13. d5 $11) 13... Nxd2 $17 14. Qxd2 {[%emt 0:00:14] [#]} h5 $1 {[%emt 0:03:39] Black is better.} 15. f3 {[%emt 0:10:11] [#]} Qe7 $146 ({Black should play} 15... Qf6 $17) ({Predecessor:} 15... h4 16. Be1 Qf6 17. e4 O-O-O 18. Qe2 Rdf8 19. Bd2 Kb8 20. exf5 exf5 21. Rae1 h3 {0-1 Maloberti,D (2132)-Swayams,M (2444) Douglas IoM op 2017 (3)}) 16. e4 (16. c5 $11 {keeps the balance.}) 16... f4 {[%emt 0:00:37] Black keeps a firm grip on the game.} 17. Bf2 e5 18. c5 dxc5 19. Bc4 O-O-O 20. a4 a5 21. Rfc1 (21. Qe1 $17) 21... Rh6 22. Rab1 (22. Rd1 $17) 22... g4 $19 {[%emt 0:00:26] Hoping for ...gxf3.} 23. Kh1 (23. Qc2 {might work better.}) 23... Rg6 (23... gxf3 $142 24. gxf3 exd4 25. cxd4 cxd4) 24. Bg1 $2 (24. d5 {is more resistant.}) 24... h4 25. fxg4 (25. d5 {is a better defense.} gxf3 26. gxf3) 25... h3 (25... Rxg4 $2 {is the wrong capture.} 26. Qe2 Rg6 27. Re1 $19) (25... Bxe4 $2 {perishes.} 26. Bd3 Bxd3 27. Qxd3 $19) 26. d5 Rxg4 27. gxh3 Rg6 28. Bf2 Qh7 ({Wrong is} 28... Qg5 $2 29. Rg1 Qh6 30. h4 $19) 29. h4 $2 (29. Qd3 Nf6 30. Re1) 29... Nf6 30. Qe2 {[%emt 0:00:28] [#]} Nxe4 $1 31. h3 (31. Rd1 Rg7) 31... Nxf2+ {[%emt 0:01:14] Black mates.} 32. Qxf2 Rg3 33. Be2 Bxd5+ {[%emt 0:00:12] Weighted Error Value: White=1.37/Black=0.29 (precise)} 0-1

[Event "IX Iberoamericano Championship 2023"]
[Site "Panama City"]
[Date "2023.12.02"]
[Round "8.9"]
[White "Rios Parra, Alejandro"]
[Black "De La Riva Aguado, Oscar"]
[Result "0-1"]
[ECO "C07"]
[WhiteElo "2185"]
[BlackElo "2437"]
[Annotator "TA"]
[PlyCount "70"]
[EventDate "2023.11.27"]
[EventType "swiss"]
[EventCountry "PAN"]
[SourceTitle "playchess.com"]
[Source "ChessBase"]
[SourceQuality "1"]
[TimeControl "5400+30"]

1. e4 e6 2. d4 d5 3. Nd2 c5 4. Ngf3 cxd4 5. exd5 Qxd5 6. Bc4 Qd6 7. O-O Nf6 8. Nb3 Nc6 9. Qe2 Be7 10. Rd1 {[%emt 0:00:07] C07: French Tarrasch: 3...c5, 4 Ngf3 and 4 exd5 Qxd5.} (10. Re1 $11) 10... e5 $15 11. h3 {[%emt 0:06:47] 11.c3 is more advanced technology.} O-O 12. c3 {[%emt 0:00:32] Black is slightly better.} a6 $1 {[%emt 0:07:28] [#] Against Bb5} 13. Bg5 $146 ({Predecessor:} 13. Bd3 Re8 14. Ng5 h6 15. Ne4 Nxe4 16. Qxe4 f5 17. Qe2 Be6 18. cxd4 Bxb3 19. axb3 Nxd4 {1-0 Sosa,T (2548)-Leisch,L (2405) Elllobregat op 3rd 2022 (2)}) 13... h6 14. Bh4 Bf5 {[%emt 0:01:12] White must now prevent ...b5.} 15. cxd4 e4 16. Ne5 b5 17. Bxf7+ (17. Nxf7 $15 {feels stronger.} Rxf7 18. Bg3) 17... Rxf7 $17 18. Nxf7 Kxf7 19. a4 {[%emt 0:00:13] White is weak on the light squares} bxa4 {[%emt 0:09:02] Black is more active.} 20. Rxa4 Qd5 21. Nc5 g5 (21... Nxd4 22. Raxd4 Qxc5 23. Bxf6 gxf6 24. Qh5+ (24. Rd5 Qc8 $15) 24... Bg6 25. Qxh6 $15) 22. Bg3 a5 23. Na6 (23. Rc4 $17 {might work better.}) 23... Rc8 (23... Qb3 $19 {is more deadly.} 24. Raa1 Rd8) 24. Nc7 Qd7 $36 {[%emt 0:10:21][%mdl 2048] White is under pressure.} 25. Rc4 (25. Raa1 $15) 25... Nb4 $19 (25... Rxc7 26. Bxc7 Be6 27. Bb6 $15) 26. f3 (26. Ra1 $17 {keeps fighting.}) 26... exf3 27. Qxf3 g4 28. Qb3 ({But not} 28. hxg4 $2 Bxg4 29. Qf1 Bxd1 30. Qxd1 Nbd5 $19) 28... a4 29. Qe3 Nbd5 {[%emt 0:02:13] Really sharp!} 30. Nxd5 (30. Qe5 $142) 30... Nxd5 ({Weaker is} 30... Rxc4 31. Nb6 Nd5 32. Nxd7 $19) 31. Qc1 (31. Qe2 Rxc4 32. Qxc4) 31... Bg5 {[%emt 0:00:55] This pair of bishops is nice. Black is clearly winning.} ({Worse is} 31... gxh3 32. Rxc8 Qxc8 33. Qxc8 Bxc8 34. Rf1+ Kg6 35. Rc1 $19) 32. Rxc8 {[%emt 0:00:23] [#] And now Qc6 would win.} Bxc1 33. Rcxc1 gxh3 34. Re1 {[%emt 0:00:32] Dodges Be4} hxg2 {[%emt 0:02:33] Threatens to win with ...Bd3.} 35. Kxg2 Qb7 {[%emt 0:00:36] Excellently played by De La Riva Aguado!   Weighted Error Value: White=1.07/Black=0.19 (very precise)} 0-1

[Event "IX Iberoamericano Championship 2023"]
[Site "Panama City"]
[Date "2023.12.02"]
[Round "8.10"]
[White "Ordaz Valdes, Lisandra Teresa"]
[Black "Flores Quillas, Diego Saul Rodri"]
[Result "1-0"]
[ECO "A70"]
[WhiteElo "2306"]
[BlackElo "2414"]
[Annotator "TA"]
[PlyCount "77"]
[EventDate "2023.11.27"]
[EventType "swiss"]
[EventCountry "PAN"]
[SourceTitle "playchess.com"]
[Source "ChessBase"]
[SourceQuality "1"]
[TimeControl "5400+30"]

1. d4 Nf6 2. c4 e6 3. Nf3 c5 4. d5 exd5 5. cxd5 d6 6. Nc3 g6 7. h3 Bg7 8. e4 O-O 9. Be3 Re8 {[%emt 0:01:05] A70: Modern Benoni: 6 e4 g6 7 Nf3.} 10. Nd2 Nxe4 11. Ndxe4 {[%emt 0:00:00] [#] Be2 is the strong threat.} (11. Ncxe4 $5 f5 12. Bb5 (12. Nc3 f4 $17 {[%mdl 64] Pin}) 12... Rxe4 13. Nxe4 fxe4 14. Qd2 $14) 11... f5 $1 {[%emt 0:00:08] White has an edge.} 12. Bb5 $1 {[%emt 0:00:00] [#]} Bd7 $146 (12... Re5 $11) ({Predecessor:} 12... fxe4 13. Bxe8 Qxe8 14. O-O Na6 15. Bf4 Qf8 16. Qd2 g5 17. Bxg5 Bf5 18. Rae1 Re8 {1-0 Krysa,L (2549)-Pinto,A (1944) POR-chT Sao Joao da Madeira 2023 (5.1)}) 13. Nxd6 $18 Bxc3+ 14. bxc3 Bxb5 15. Nxb5 f4 $2 {[%emt 0:00:09] [#]} (15... a6 {keeps fighting.} 16. d6 (16. Na3 f4 $16 {[%mdl 64] Pin}) 16... axb5) 16. d6 $1 fxe3 17. Qd5+ Kh8 18. Nc7 (18. Qxc5 exf2+ 19. Kxf2 (19. Kf1 Nc6 $17) 19... Nc6 $11) 18... exf2+ 19. Kf1 Nd7 {[%emt 0:02:51] ...Re5 would be deadly.} 20. Nxe8 Qxe8 21. Kxf2 (21. Qxb7 Rb8 22. Qf3 Rb2 $11) 21... Nf6 22. Qd3 {[%emt 0:00:00] Threatens to win with Rhe1.} (22. Qxc5 $2 {perishes.} Ne4+ 23. Kg1 Nxc5 $19) 22... Qe5 (22... Rd8 $142 23. Rhe1 Qf8) 23. Rhe1 Qh2 24. Re3 ({Inferior is} 24. Qg3 Ne4+ 25. Rxe4 Rf8+ $15) 24... Rd8 25. Rd1 {[%emt 0:00:00] aiming for Qe2.} ({Less strong is} 25. Rg3 Nh5 26. Rf3 Nf4 $16) 25... Nd7 (25... Qf4+ $142 26. Kg1 Rxd6) 26. Qe4 b5 27. Qe7 Rf8+ 28. Rf3 Rxf3+ 29. Kxf3 {[%emt 0:00:00] Re1 would kill now. KQR-KQN} Ne5+ 30. Ke4 {[%emt 0:00:00][%cal Re7f8] White mates.} Qxg2+ 31. Kxe5 Qe2+ 32. Kd5 Qf3+ 33. Kxc5 Qxc3+ 34. Kxb5 Qb2+ 35. Kc6 Qb6+ 36. Kd7 Qb5+ 37. Kc7 Qb6+ 38. Kc8 Qc6+ 39. Kb8 {[%emt 0:00:02] White took control after the opening.   Weighted Error Value: White=0.05 (flawless) /Black=0.58} 1-0

[Event "IX Iberoamericano Championship 2023"]
[Site "Panama City"]
[Date "2023.12.02"]
[Round "8.11"]
[White "Delgado Rosas, Alex Antonio"]
[Black "Zambrana, Osvaldo"]
[Result "0-1"]
[ECO "B13"]
[WhiteElo "2105"]
[BlackElo "2400"]
[Annotator "TA"]
[PlyCount "100"]
[EventDate "2023.11.27"]
[EventType "swiss"]
[EventCountry "PAN"]
[SourceTitle "playchess.com"]
[Source "ChessBase"]
[SourceQuality "1"]
[TimeControl "5400+30"]

1. d4 d5 2. Nf3 Nf6 3. Bf4 c5 4. e3 Nc6 5. Nbd2 cxd4 6. exd4 Bg4 7. c3 e6 8. Qb3 Bd6 9. Bxd6 Qxd6 10. Bd3 O-O 11. O-O Rab8 {[%emt 0:01:42][%cal Ob7b5] B13: Caro-Kann: Exchange Variation and Panov-Botvinnik Attack.} 12. a4 a6 13. a5 Qc7 {[%emt 0:02:07] [#] The position is equal.} 14. Qa4 $146 ({Predecessor:} 14. Qa3 Nh5 15. h3 Nf4 16. Bc2 Bh5 17. g3 Ne2+ 18. Kg2 Ncxd4 19. Bxh7+ Kxh7 20. cxd4 {1-0 Zemlyanskii,I (2300)-Goltseva,E (2283) Titled Tuesday intern op 16th May Early blitz 2023 (11)}) 14... Nd7 15. h3 Bh5 16. Rfe1 Rfe8 17. Re3 Rbd8 18. Qc2 Bg6 19. b4 (19. Bxg6 $11 hxg6 20. Qa4) 19... e5 ({Black should play} 19... Nxb4 $1 $17 20. cxb4 Qxc2 21. Bxc2 Bxc2) 20. dxe5 $11 Ndxe5 21. Rae1 Re6 22. Bxg6 hxg6 (22... Nxg6 $11 {remains equal.} 23. Qd3 (23. Rxe6 fxe6 24. Rxe6 Nxb4 $11) 23... Qd7) 23. Nxe5 (23. Ng5 $16 Rf6 24. Ndf3 Nxf3+ 25. Nxf3) 23... Rxe5 24. Nf3 (24. Rxe5 $11 {keeps the balance.} Nxe5 25. Qb3) 24... Rxe3 (24... Nxb4 $1 $17 25. Qa4 Rxe3 26. Rxe3 Nc6) 25. Rxe3 Qf4 26. Qd2 {[%emt 0:13:56][%cal Oe3e8] And now Re8+! would win.} Kh7 27. Rd3 Qxd2 28. Rxd2 $14 {[%emt 0:00:01][%mdl 4096] Endgame KRN-KRN} Kg8 29. Kf1 Kf8 30. Ke2 Ke7 31. Kd3 Kd6 32. Re2 f6 33. Nd4 Rc8 34. Nxc6 bxc6 {[%emt 0:01:35] KR-KR} 35. Kd4 Rh8 36. Kd3 Rc8 37. Kd4 g5 38. Re3 Rb8 39. Re2 Rh8 40. Re3 Rh4+ 41. g4 f5 42. Rg3 f4 43. Rd3 Rh8 44. c4 Rb8 45. Rb3 {[%emt 0:00:29][%mdl 8192] [#] White does not recover from this.} (45. Kc3 $11) 45... Rxb4 $3 $19 {[%emt 0:00:37][%mdl 576] Remove Defender, Decoy} 46. Rxb4 (46. Ra3 Rxc4+) 46... c5+ 47. Kc3 cxb4+ 48. Kxb4 Kc6 49. Kc3 dxc4 50. Kxc4 {[%emt 0:00:04] [#]} f3 $1 {[%emt 0:00:07] Weighted Error Value: White=0.45/Black=0.13 (very precise)} 0-1

[Event "IX Iberoamericano Championship 2023"]
[Site "Panama City"]
[Date "2023.12.02"]
[Round "8.12"]
[White "Matamoros Franco, Carlos S."]
[Black "Solares Orozco, Kebert"]
[Result "1/2-1/2"]
[ECO "D73"]
[WhiteElo "2455"]
[BlackElo "2312"]
[Annotator "TA"]
[PlyCount "52"]
[EventDate "2023.11.27"]
[EventType "swiss"]
[EventCountry "PAN"]
[SourceTitle "playchess.com"]
[Source "ChessBase"]
[SourceQuality "1"]
[TimeControl "5400+30"]

1. Nf3 d5 2. g3 c6 3. Bg2 g6 4. c4 Bg7 5. d4 Nf6 6. Qb3 O-O 7. O-O b6 8. Nc3 e6 {[%emt 0:13:47] D73: Fianchetto Grünfeld: 5 Nf3 .} 9. Rd1 Nbd7 10. cxd5 exd5 {[%emt 0:02:47] White is slightly better.} 11. Bf4 Bb7 12. a4 {[%emt 0:03:11] [#]} Re8 $146 ({Predecessor:} 12... c5 13. dxc5 Nxc5 14. Qa2 Qe7 15. Be5 Rfe8 16. e3 Rad8 17. a5 bxa5 18. Bd4 Nfe4 19. Bxg7 Kxg7 20. Nxe4 dxe4 {0-1 Benko,P-Evans,L USA-ch New York 1963 (6)}) 13. a5 $1 Ba6 14. axb6 (14. Ne5 $16 Qc8 15. axb6) 14... axb6 15. Ne5 Nxe5 16. Bxe5 Nd7 17. Bxg7 {[%emt 0:00:17] The position is equal.} Kxg7 18. e4 Bc4 19. Qc2 {[%emt 0:06:02] Hoping for b3.} (19. Rxa8 {simplifies} Bxb3 20. Rxd8 Rxd8 21. Ra1) 19... Rxa1 20. Rxa1 {[%emt 0:00:04] [#] Black must now prevent b3.} dxe4 21. Bxe4 c5 22. Rd1 {[%emt 0:16:16] dxc5 would be deadly.} Qf6 23. dxc5 Nxc5 {[%emt 0:00:14] [#] aiming for ...Bb3.} 24. Bd5 Bxd5 25. Nxd5 Qf3 26. Qc3+ Kg8 $2 {[%emt 0:03:57][%mdl 40960] Weighted Error Value: White=0.09 (flawless) /Black=0.06 (flawless) . An unexpected result.} (26... Qxc3 $11 27. Nxc3 Re6) 1/2-1/2

[Event "IX Iberoamericano Championship 2023"]
[Site "Panama City"]
[Date "2023.12.02"]
[Round "8.13"]
[White "Sanchez Alvarez, Roberto Carlos"]
[Black "Esmeraldas Huachi, Anderson"]
[Result "1/2-1/2"]
[ECO "B98"]
[WhiteElo "2437"]
[BlackElo "2120"]
[Annotator "TA"]
[PlyCount "54"]
[EventDate "2023.11.27"]
[EventType "swiss"]
[EventCountry "PAN"]
[SourceTitle "playchess.com"]
[Source "ChessBase"]
[SourceQuality "1"]
[TimeControl "5400+30"]

1. e4 c5 2. Nf3 d6 3. d4 cxd4 4. Nxd4 Nf6 5. Nc3 a6 6. Bg5 e6 7. f4 Be7 8. Qf3 O-O 9. O-O-O Qc7 10. Qg3 {[%emt 0:00:17] B98: Sicilian Najdorf: 6 Bg5 e6 7 f4 Be7, sidelines.} b5 (10... Nbd7 $11) 11. e5 $16 dxe5 12. fxe5 {[%emt 0:00:04] [#] White is slightly better.} b4 $146 ({Black should play} 12... Ne8 $1 $14) ({Predecessor:} 12... Ne8 13. Ne4 Bxg5+ 14. Nxg5 h6 15. h4 Nd7 16. Re1 Nxe5 17. Rxe5 f6 18. Re3 Qxg3 19. Rxg3 hxg5 20. hxg5 {1-0 Parizek,V (2277)-Babicka,M (2022) CZE-chT2B 1819 2018 (7.2)}) 13. exf6 Qxg3 14. hxg3 gxf6 {[%emt 0:00:02] [#]} 15. Nd5 $1 exd5 16. Bf4 {[%emt 0:00:53] Black must now prevent Bd3.} Bg4 17. Bd3 {[%emt 0:16:32] White is much more active.} Bxd1 18. Bxh7+ Kh8 19. Be4+ Kg8 20. Bh7+ $40 {[%emt 0:02:55][%mdl 128] White attacks.} Kh8 21. Kxd1 Rd8 22. Bd3+ {[%emt 0:02:11][%mdl 1024] White has compensation.} Kg8 23. Nf5 {[%emt 0:00:06][%cal Of4h6] [#] White wants to mate with Bh6!} Bf8 {[%emt 0:00:27] The position is equal.} 24. Rh4 Nc6 25. Rg4+ Kh8 26. Rh4+ Kg8 27. Rg4+ Kh8 {[%emt 0:00:01] Weighted Error Value: White=0.12 (very precise) /Black=0.10 (very precise)} 1/2-1/2

[Event "IX Iberoamericano Championship 2023"]
[Site "Panama City"]
[Date "2023.12.02"]
[Round "8.14"]
[White "Battikh, Jose Miguel"]
[Black "Rodriguez Vila, Andres"]
[Result "0-1"]
[ECO "B27"]
[WhiteElo "2098"]
[BlackElo "2405"]
[Annotator "TA"]
[PlyCount "64"]
[EventDate "2023.11.27"]
[EventType "swiss"]
[EventCountry "PAN"]
[SourceTitle "playchess.com"]
[Source "ChessBase"]
[SourceQuality "1"]
[TimeControl "5400+30"]

1. e4 c5 2. Nf3 a6 3. c3 g6 4. d4 cxd4 5. cxd4 d5 6. exd5 Nf6 7. Nc3 Bg7 8. a4 {[%emt 0:05:48] B27: Sicilian: 2 Nf3, unusual Black 2nd moves.} Nxd5 9. Bc4 Nxc3 10. bxc3 {[%emt 0:00:02] The position is equal.} Qc7 11. Qb3 O-O {[%emt 0:00:16][%cal Bh8f8,Bf8d8,Bd8d5,Bd5c5][%mdl 32] [#]} 12. a5 $146 ({Predecessor:} 12. Ng5 e6 13. Ba3 Re8 14. O-O Nc6 15. Bd3 Na5 16. Qb4 Bd7 17. Qd6 Qxd6 18. Bxd6 {0-1 Blauert,J (2275)-Backwinkel,P (2325) FRG-ch 20th Bad Neuenahr 1989}) 12... Nc6 13. Qb6 Qxb6 14. axb6 Bg4 15. Bd5 Rac8 16. Bf4 (16. h3 $11 {keeps the balance.} Bf5 17. O-O) 16... Rfd8 $36 {[%emt 0:14:56][%mdl 2048] Black is in control. Black continues to play with concentration.} 17. Be4 f5 18. Bxc6 Rxc6 19. Bc7 Rd5 {[%emt 0:00:35] ...Bxf3 is the strong threat.} 20. Kd2 {[%emt 0:11:41] [#]} Bxf3 21. gxf3 e5 22. Kd3 exd4 23. c4 Rdc5 24. Ra4 Kf7 25. Re1 g5 26. Bd8 {[%emt 0:02:18] Re7+ would be deadly.} Re5 {[%emt 0:06:29] Inhibits Re7+.} 27. Rxe5 Bxe5 {[%emt 0:00:06] KRB-KRB} 28. Ra5 {[%emt 0:00:20] [#]} Ke6 ({Of course not} 28... Bxh2 $6 29. Rxf5+ Ke8 30. Bxg5 $11) 29. h3 (29. Ra1 $17 {might work better.}) 29... h6 $19 30. f4 (30. Ra2 $142) 30... Bxf4 31. Kxd4 $2 (31. f3) 31... Rd6+ 32. Rd5 Be5+ {[%emt 0:00:40][%mdl 64] Deflection.   Weighted Error Value: White=0.49/Black=0.02 (flawless)} 0-1

[Event "IX Iberoamericano Championship 2023"]
[Site "Panama City"]
[Date "2023.12.02"]
[Round "8.15"]
[White "Mendez Machado, Andre"]
[Black "Martins, Bruno Andre Leite"]
[Result "0-1"]
[ECO "B12"]
[WhiteElo "2096"]
[BlackElo "2323"]
[Annotator "RC"]
[PlyCount "100"]
[EventDate "2023.11.27"]
[EventType "swiss"]
[EventCountry "PAN"]
[SourceTitle "playchess.com"]
[Source "ChessBase"]
[SourceQuality "1"]
[TimeControl "5400+30"]

1. e4 c6 2. d4 d5 3. f3 dxe4 4. fxe4 e5 5. Nf3 Bg4 6. c3 Nd7 7. Bd3 Ngf6 8. O-O Bd6 9. Nbd2 b5 10. a4 a6 11. Qe1 O-O 12. axb5 axb5 13. Rxa8 Qxa8 14. Qh4 Re8 15. Ng5 Qa7 16. Kh1 Nf8 17. h3 Bh5 18. Ngf3 Ng6 19. Qf2 Bxf3 20. Nxf3 Qc7 21. Qc2 Nh5 22. Re1 h6 23. d5 cxd5 24. Bxb5 Rf8 25. Bd3 dxe4 26. Bxe4 f5 27. Bd5+ Kh8 28. Be3 Qe7 29. Bf2 e4 30. g4 Ng3+ 31. Kg1 Nf4 32. Bxg3 Nxd5 33. Nh4 Qa7+ 34. Bf2 e3 35. Ng6+ Kg8 36. Bh4 Rf7 37. Qd3 Qc5 38. gxf5 Nf4 39. Nxf4 Bxf4 40. Qe4 Rxf5 41. Kh1 Qf8 42. Rg1 g5 43. Be1 Qf7 44. h4 Re5 45. Qa8+ Kh7 46. Qf3 e2 47. Rg2 Re3 48. Qg4 h5 49. Qc8 g4 50. Kg1 Bh2+ 0-1

[Event "IX Iberoamericano Championship 2023"]
[Site "Panama City"]
[Date "2023.12.02"]
[Round "8.16"]
[White "Noboa Silva, Kevin"]
[Black "Mejias Nunez, Rafael E."]
[Result "1-0"]
[ECO "E11"]
[WhiteElo "2318"]
[BlackElo "2029"]
[Annotator "RC"]
[PlyCount "57"]
[EventDate "2023.11.27"]
[EventType "swiss"]
[EventCountry "PAN"]
[SourceTitle "playchess.com"]
[Source "ChessBase"]
[SourceQuality "1"]
[TimeControl "5400+30"]

1. d4 Nf6 2. c4 e6 3. Nf3 Bb4+ 4. Bd2 Qe7 5. g3 Nc6 6. Nc3 O-O 7. Bg2 Bxc3 8. Bxc3 Ne4 9. Rc1 d6 10. d5 Nxc3 11. Rxc3 Nb8 12. dxe6 fxe6 13. O-O Nc6 14. c5 Rd8 15. cxd6 cxd6 16. Nd4 Nxd4 17. Qxd4 e5 18. Bd5+ Be6 19. Qc4 Bxd5 20. Qxd5+ Kh8 21. Rfc1 Rd7 22. Rc8+ Rxc8 23. Rxc8+ Rd8 24. Qxb7 Qf8 25. Rxd8 Qxd8 26. Qxa7 h5 27. h4 Qf6 28. Qa8+ Kh7 29. Qe4+ 1-0

[Event "IX Iberoamericano Championship 2023"]
[Site "Panama City"]
[Date "2023.12.02"]
[Round "8.17"]
[White "Gutierrez Espinosa, Karen"]
[Black "Palma Villanueva, Miguel Ta"]
[Result "0-1"]
[ECO "B09"]
[WhiteElo "2059"]
[BlackElo "2286"]
[Annotator "RC"]
[PlyCount "99"]
[EventDate "2023.11.27"]
[EventType "swiss"]
[EventCountry "PAN"]
[SourceTitle "playchess.com"]
[Source "ChessBase"]
[SourceQuality "1"]
[TimeControl "5400+30"]

1. e4 d6 2. d4 Nf6 3. Nc3 g6 4. f4 Bg7 5. Nf3 O-O 6. Bd3 Na6 7. O-O c5 8. e5 Nd7 9. Nb5 cxd4 10. exd6 exd6 11. Nbxd4 Ndc5 12. c3 Nxd3 13. Qxd3 Nc5 14. Qc4 b6 15. Rd1 Ba6 16. Qb4 Qd7 17. f5 Bd3 18. Bf4 Be4 19. Rd2 gxf5 20. Rad1 d5 21. Qb5 Qxb5 22. Nxb5 Ne6 23. Bg3 Bh6 24. Re2 Nf4 25. Bxf4 Bxf4 26. Nbd4 Kh8 27. Nh4 Rg8 28. Nhxf5 Rg5 29. Rf1 Bc7 30. Ref2 Rag8 31. g3 Rh5 32. Ne2 Rh3 33. Ne7 Bxg3 34. Nxg8 Bxf2+ 35. Rxf2 Kxg8 36. Ng3 Rh6 37. c4 Re6 38. Re2 Kf8 39. Kf2 Rf6+ 40. Ke1 Bd3 41. Rd2 dxc4 42. b3 b5 43. a4 b4 44. bxc4 Bxc4 45. Rd4 b3 46. Nf5 Rxf5 47. Rxc4 Rf6 48. Kd1 Rf1+ 49. Kd2 b2 50. Rb4 0-1

[Event "IX Iberoamericano Championship 2023"]
[Site "Panama City"]
[Date "2023.12.02"]
[Round "8.18"]
[White "Baules Rodriguez, Jorge Luis"]
[Black "Bravo Mallco, Kate Azumi"]
[Result "1-0"]
[ECO "B45"]
[WhiteElo "2283"]
[BlackElo "2004"]
[Annotator "RC"]
[PlyCount "105"]
[EventDate "2023.11.27"]
[EventType "swiss"]
[EventCountry "PAN"]
[SourceTitle "playchess.com"]
[Source "ChessBase"]
[SourceQuality "1"]
[TimeControl "5400+30"]

1. e4 c5 2. Nf3 Nc6 3. d4 cxd4 4. Nxd4 Nf6 5. Nc3 e6 6. Ndb5 Bb4 7. a3 Bxc3+ 8. Nxc3 d5 9. exd5 exd5 10. Bd3 O-O 11. O-O d4 12. Ne2 Bg4 13. h3 Bxe2 14. Bxe2 Qb6 15. Bf3 Ne5 16. Bf4 Nxf3+ 17. Qxf3 Rac8 18. Be5 Rxc2 19. Qd3 Rxb2 20. Bxd4 Rd8 21. Rad1 Rb3 22. Qc2 Qe6 23. Rfe1 Rc8 24. Bc5 Rb5 25. Rxe6 fxe6 26. Qe2 Rbxc5 27. Qxe6+ Kh8 28. Kh2 h6 29. Rd3 Rc3 30. a4 b6 31. Qf5 R3c5 32. Qg6 R5c6 33. Re3 R8c7 34. Qd3 Rc5 35. Re6 R5c6 36. Re5 Rc5 37. f4 Kg8 38. Re2 Rd5 39. Qb3 Kh7 40. g4 Rcd7 41. Rg2 Rd2 42. g5 hxg5 43. fxg5 Rxg2+ 44. Kxg2 Ne4 45. h4 Nc5 46. Qc2+ Kg8 47. h5 Rd4 48. Qf5 Rd8 49. g6 Rf8 50. Qd5+ Kh8 51. a5 Rg8 52. Qf7 bxa5 53. h6 1-0